 Dungeon Crawl Stone Soup version 0.31.0-11-ge490571c62 (webtiles) character file.

Game seed: 16831070761479533437

18 browni3141 the Trooper (level 2, -1/27 HPs)
             Began as a Minotaur Fighter on Jan 27, 2024.
             Slain by a gnoll
             ... wielding a +0 spear
              (3 damage)
             ... on level 4 of the Dungeon.
             The game lasted 00:00:22 (210 turns).

browni3141 the Trooper (Minotaur Fighter)            Turns: 210, Time: 00:00:22

Health: -1/27      AC:  8    Str: 20    XL:     2   Next: 51%
Magic:  1/1        EV:  9    Int:  5    God:
Gold:   35         SH:  4    Dex:  9    Spells: 1/1 levels left

rFire   . . .        a - +0 war axe
rCold   . . .        c - +0 buckler
rNeg    . . .        b - +0 scale mail
rPois   .            (helmet restricted)
rElec   .            e - +0 cloak
rCorr   .            (no gloves)
SInv    .            (no boots)
Will    .....        (no amulet) Stlth
                     (no ring)
HPRegen 0.24/turn    (no ring)
MPRegen 0.07/turn

%: no passive effects
@: no status effects
A: horns 2, retaliatory headbutt
a: no special abilities


You were on level 4 of the Dungeon.
You visited 1 branch of the dungeon, and saw 4 of its levels.

You collected 35 gold pieces.

Inventory:

Hand Weapons
 a - a +0 war axe (weapon)
Armour
 b - a +0 scale mail (worn)
 c - a +0 buckler (worn)
 e - a +0 cloak (worn)
Scrolls
 f - a scroll of enchant weapon {unknown}
 g - a scroll of poison {unknown}
Potions
 d - a potion of might
 h - a potion of curing {unknown}


   Skills:
 + Level 4.0 Fighting
 * Level 3.4 Axes
 - Level 3.6 Armour
 - Level 3.6 Shields


You had one spell level left.
You didn't know any spells.
Your spell library was empty.

Dungeon Overview and Level Annotations

Branches:
Dungeon (4/15)
 Temple: D:4-7

Altars:


Innate Abilities, Weirdness & Mutations

You have a pair of horns on your head.
You reflexively headbutt those who attack you in melee.


Message History

No target in view!
There is a fountain of clear blue water here.
You now have 7 gold pieces.
There is a stone staircase leading down here.
You start putting on your armour.
You continue putting on your +0 cloak. x4
You finish putting on your +0 cloak.
You climb downwards.
There is a stone staircase leading up here.
Found a stone staircase leading down.
A hobgoblin comes into view.
The hobgoblin shouts!
A hobgoblin is nearby!
The hobgoblin hits you.
You closely miss the hobgoblin. The hobgoblin barely misses you.
You barely miss the hobgoblin.
The hobgoblin hits you but does no damage.
You hit the hobgoblin.
The hobgoblin is moderately wounded.
The hobgoblin hits you but does no damage. x2
You hit the hobgoblin.
You kill the hobgoblin!
Your Axes skill increases to level 3!
You see here a hobgoblin corpse.
f - a scroll labelled CEH KICWAINGOG
There is a stone staircase leading down here.
You now have 21 gold pieces (gained 14).
There is a stone staircase leading down here.
You climb downwards.
Found a runed scarf and a scroll labelled OWKIAT UFUD.
Found an escape hatch in the ceiling.
Found a stone staircase leading down.
There is a stone staircase leading up here.
There is an escape hatch in the ceiling here.
You see here a scarf of invisibility.
g - a scroll labelled OWKIAT UFUD
Found a stone staircase leading down.
A hobgoblin comes into view.
The hobgoblin moves out of view.
No target in view!
Found a stone staircase leading up.
A hobgoblin is nearby!
A hobgoblin is nearby!
A hobgoblin is nearby!
A hobgoblin is nearby!
A hobgoblin is nearby!
The hobgoblin barely misses you.
You slash the hobgoblin!
You kill the hobgoblin!
You have reached level 2!
h - a golden potion
There is a stone staircase leading down here.
You climb downwards.
There is a stone staircase leading up here.
You now have 35 gold pieces (gained 14).
A gnoll comes into view. It is wielding a +1 flail of draining.
The gnoll shouts!
You hear a shout!
A gnoll comes into view. It is wielding a +0 spear.
The gnoll moves out of view.
A gnoll is nearby!
A gnoll is nearby!
No reachable target in view!
No reachable target in view!
No reachable target in view! 2 gnolls come into view.
The gnoll shouts! x2
You closely miss the gnoll.
The gnoll hits the plant with a +0 spear!
The plant begins to die.
The gnoll hits you with a +1 flail of draining.
You feel drained. The gnoll attacks as it pursues you!
You block the gnoll's attack. The gnoll hits you with a +0 spear.
You slash the gnoll!
The gnoll is heavily wounded.
You barely miss the gnoll. You hit the gnoll.
The gnoll hits you with a +0 spear. The gnoll closely misses you.
The gnoll hits you with a +0 spear.
You hit the gnoll.
The gnoll is severely wounded.
You hit the gnoll. x2; A nearby plant withers and dies.
A kobold comes into view. It is wielding a +0 dagger.
The gnoll hits you with a +0 spear. You block the gnoll's attack.
The gnoll hits you but does no damage. x3; The gnoll completely misses you.
The gnoll hits you but does no damage.
The gnoll hits you from afar with a +0 spear.
The kobold shouts!
You slash the gnoll!
You kill the gnoll!
You barely miss the gnoll. You hit the gnoll.
The gnoll hits you with a +0 spear. The gnoll barely misses you.
The gnoll hits you but does no damage.
Your life force feels restored.
Your Fighting skill increases to level 4!
You completely miss the gnoll.
The gnoll is severely wounded.
You closely miss the gnoll. The gnoll hits you with a +0 spear.
The gnoll barely misses you. You furiously retaliate!
You headbutt the gnoll!
You kill the gnoll!
The gnoll hits you from afar with a +0 spear.
The gnoll hits you with a +0 spear.
You die...

##########
#....K....
#.#..PPPP.
##.#)PP...P
#..@)g.....
##.##g..P...
#..# .P..P..
#.## .....PP
#.# ...PPP.
#.# #......
#.## ###...
#..######.##
#..#.....


You could see 2 gnolls and a kobold.

Vanquished Creatures
  2 gnolls (D:4)
  A dart slug (D:1)
  2 endoplasms (D:1)
  2 hobgoblins
7 creatures vanquished.

Notes
Turn   | Place    | Note
-------+----------+-------------------------------------------
     0 | D:1      | browni3141 the Minotaur Fighter began the quest for the
                  | Orb.
     0 | D:1      | Reached XP level 1. HP: 19/19 MP: 0/0
   120 | D:3      | Reached XP level 2. HP: 27/27 MP: 1/1
   210 | D:4      | Reached skill level 4 in Fighting
   210 | D:4      | Slain by a gnoll

Illustrated notes

Levels and vault maps discovered:
D:1:      mainiacjoe_arrival_oval_in_oval, layout_loops_ring,
          minmay_misc_feat_room
D:2:      layout_basic, basic_altar, minmay_misc_feat_chi, uniq_sigmund
D:3:      layout_rooms, nicolae_overflow_ecumenical_swirl, skrybe_limestone_x,
          chequers_hall_statues_y, hangedman_decor_points, uniq_ijyb
D:4:      layout_loops_cross, serial_co_window_serial, co_window_cross_1,
          co_window_paths_b, co_window_of_opportunity_a,
          co_window_of_opportunity_a, co_window_paths_a, co_window_paths_a,
          co_window_paths_a, co_window_corner_a, co_window_of_opportunity_a,
          co_window_cross_3, co_window_paths_c, co_window_corner_b,
          co_window_2corner, glass_columns_b, glass_columns_a, glass_columns_a,
          glass_columns_b, nicolae_grassy_gnolls, uniq_natasha

Skill      XL: |  1  2 |
---------------+-------+-----
Axes           | 3 |  3.4
Fighting       | 4 |  4.0
Armour         | |  3.6
Shields        | |  3.6

Action                     || total
---------------------------++-------
  Melee: War axe           ||    15
 Armour: Scale mail        ||    20
  Dodge: Dodged            ||     7
  Block: Buckler           ||     3
